 Dungeon Crawl Stone Soup version 0.29-a0-330-g52719c12eb (webtiles) character file.

Game seed: 2089143299514503780

37 Aelig the Insei (level 3, -4/27 HPs)
             Began as a Djinni Transmuter on May 17, 2022.
             Slain by Jessica
             ... wielding a +8 club
              (10 damage)
             ... on level 3 of the Dungeon.
             The game lasted 00:03:29 (2272 turns).

Aelig the Insei (Djinni Transmuter)                 Turns: 2272, Time: 00:03:30

Health: -4/27      AC:  2    Str:  9    XL:     3   Next: 60%
Gold:   108        EV: 12    Int: 16    God:
                   SH:  0    Dex: 13

rFire   + + .      SeeInvis .     - Unarmed
rCold   x . .      Faith    .   (no shield)
rNeg    . . .      Spirit   .   a - +0 robe
rPois   ∞          Reflect  .   (no helmet)
rElec   .          Harm     .   (no cloak)
rCorr   .          Rampage  .   (no gloves)
Will    .....                   (boots unavailable)
Stlth   +.........              h - amulet of regeneration
HPRegen 0.89/turn               (no ring)
MPRegen 0.00/turn               (no ring)

@: flying, very slightly contaminated
A: sickness immunity, fire resistance 2, cold vulnerability 1, float, innate
caster, HP casting, extra vitality 1
a: no special abilities


You were on level 3 of the Dungeon.
You visited 1 branch of the dungeon, and saw 3 of its levels.

You collected 108 gold pieces.

Inventory:

Missiles
 i - 88 stones (quivered)
Armour
 a - a +0 robe (worn)
Jewellery
 h - an amulet of regeneration (around neck)
Scrolls
 c - 2 scrolls of enchant armour {unknown}
 f - 2 scrolls of enchant weapon {unknown}
 k - a scroll of teleportation {unknown}
 m - a scroll of brand weapon {unknown}
 n - a scroll of amnesia {unknown}
 p - a scroll of fog {unknown}
Potions
 b - a potion of lignification
 d - a potion of magic {unknown}
 e - a potion of attraction {unknown}
 g - a potion of curing {unknown}
 j - a potion of invisibility {unknown}
 l - a potion of mutation {unknown}


   Skills:
 - Level 1.0 Fighting
 - Level 2.1 Dodging
 + Level 3.7 Unarmed Combat
 + Level 2.2 Spellcasting


You couldn't memorise any spells.
You knew the following spells:

 Your Spells              Type           Power      Damage    Failure   Level
a - Beastly Appendage     Tmut           18%        N/A       8%          1
b - Wereblood             Tmut           9%         N/A       12%         2
c - Spider Form           Tmut/Pois      9%         N/A       24%         3
d - Ice Form              Ice/Tmut       9%         N/A       61%         4
e - Shock                 Conj/Air       36%        1d5       8%          1
Your spell library was empty.

Dungeon Overview and Level Annotations

Branches:
Dungeon (3/15)

Altars:
Fedhas

Shops:
D:1 (

Annotations:
D:3 Jessica


Innate Abilities, Weirdness & Mutations

You are immune to sickness and miasma.
You are immune to poison.
Your flesh is very heat resistant. (rF++)
You are vulnerable to cold. (rC-)
You float through the air rather than walking.
You learn spells naturally, not from books.
Your magical power is your life essence.
You have superior vitality. (+4 MHP)


Message History

Casting: Beastly Appendage (safe; 9% risk of failure)
Confirm with . or Enter, or press ? or * to list all spells.
You grow a pair of large bovine horns.
You hit the worm but do no damage. The worm misses you.
You hit the worm. Your headbutt misses the worm.
The worm is lightly wounded.
You hit the worm.
The worm is moderately wounded.
The worm barely misses you.
You hit the worm. You headbutt the worm!
The worm is almost dead.
You hit the worm.
You kill the worm!
Your transformation is almost over.
You see here a worm corpse.
Your horns disappear.
You see here a +0 ring mail.
There is a blossoming altar of Fedhas here.
Jessica the Apprentice Sorceress comes into view.
She is wielding a +8 club and carrying a wand of flame (21).
Found an escape hatch in the floor.
Found 2 orange potions.
Casting: Beastly Appendage (safe; 8% risk of failure)
Confirm with . or Enter, or press ? or * to list all spells.
You miscast Beastly Appendage.
You are very lightly contaminated with residual magic.
Nothing appears to happen.
Jessica shouts!
Jessica casts a spell.
Jessica seems to speed up.
You hit Jessica.
Jessica is lightly wounded.
Jessica hits you with a +8 club! Jessica hits you with a +8 club.
You barely miss Jessica.
Jessica is lightly wounded.
Jessica hits you with a +8 club!
* * * LOW HITPOINT WARNING * * *
It was a potion of flight.
You feel more buoyant. Jessica hits you with a +8 club!
You die...

#.......#.## #
##..........####.#####
.......)....<........
#.#...#..†.####.#####
#.#.....#†#####.##
#.......#........#
###..........##..#
#..♣♣♣♣♣♣♣.##..##
##..........@@>.#
##.♣.♣♣♣.♣.#.......#
#####..♣.....♣.#....##.#
.......♣.._..♣......#
.......♣.....♣........
.......♣.♣♣♣.♣...#!##..
######.............. ..#
#.♣♣♣♣♣♣♣..#.### ##
#............


You could see Jessica (fast).

Vanquished Creatures
  An adder (D:2)
  2 worms
  4 ball pythons
  An endoplasm (D:1)
  A goblin (D:1)
  2 hobgoblins (D:1)
  2 quokkas (D:1)
  3 bats
  A frilled lizard (D:2)
  3 kobolds (D:1)
  2 rats
22 creatures vanquished.

Notes
Turn   | Place    | Note
-------+----------+-------------------------------------------
     0 | D:1      | Aelig the Djinni Transmuter began the quest for the Orb.
     0 | D:1      | Reached XP level 1. HP: 17/17 MP: 0/0
   487 | D:1      | Reached XP level 2. HP: 21/22 MP: 0/0
   841 | D:1      | Found Rehidun's Antique Weapon Shop.
  1241 | D:2      | Reached XP level 3. HP: 19/27 MP: 0/0
  1241 | D:2      | Learned a level 1 spell: Shock
  1376 | D:2      | Found a faded altar of an unknown god.
  2108 | D:3      | Found a blossoming altar of Fedhas.
  2264 | D:3      | Noticed Jessica
  2272 | D:3      | Slain by Jessica

Illustrated notes

Levels and vault maps discovered:
D:1:      nzn_arrival_crosshair, layout_rooms, serial_shops, shop_statue,
          minmay_misc_feat_encased
D:2:      layout_basic, shapermc_ecumenical_altar_rom_forum, grunt_decor_cap,
          lemuel_old_faithful
D:3:      layout_loops_cross, mainiacjoe_overflow_cross_hatched,
          minmay_misc_feat_plants, roderic_three_in_a_row, uniq_jessica

Skill      XL: |  1  2 |
---------------+-------+-----
Spellcasting   | 2 |  2.2
Fighting       | |  1.0
Dodging        | |  2.1
Unarmed Combat | |  3.7

Action                   || total
-------------------------++-------
Melee: Unarmed           ||    92
       Headbutt          ||    17
       Punch             ||     2
 Cast: Beastly Appendage ||    18
  Use: Potion            ||     1
 Stab: Sleeping          ||     2
Armor: Robe              ||    11
Dodge: Dodged            ||    41

Table legend: (Time is in decaauts)
 A = Elapsed time spent in this place.
 B = Non-inter-level travel time spent in this place.
 C = Inter-level travel time spent in this place.
 D = Time resting spent in this place.
 E = Time spent auto-exploring this place.
 F = Levels seen in this place.
 G = Mean time per level.
                   A        B        C        D        E       F      G
               +--------+--------+--------+--------+--------+-----+--------+
         Total |   2265 |   2219 |     46 |    788 |   1051 |   3 |  755.0 |
       Dungeon |   2265 |   2219 |     46 |    788 |   1051 |   3 |  755.0 |
               +--------+--------+--------+--------+--------+-----+--------+

Top non-repeatable levels by time:
     D:1: 1227 daAuts
     D:2: 841 daAuts
     D:3: 196 daAuts
